 Dungeon Crawl Stone Soup version 0.29-a0-1039-gfc20370e89 (webtiles) character file.

Game seed: 9781634079022858000

76 BritishOli the Trooper (level 4, 35/35 HPs)
             Began as a Demonspawn Fighter on Aug 15, 2022.
             Got out of the dungeon alive.
             The game lasted 00:01:22 (1827 turns).

BritishOli the Trooper (Demonspawn Fighter)         Turns: 1827, Time: 00:01:22

Health: 35/35      AC: 10    Str: 24    XL:     4   Next: 12%
Magic:  4/4        EV:  9    Int:  9    God:
Gold:   50         SH:  8    Dex: 13    Spells: 3/3 levels left

rFire   + . .      SeeInvis .   a - +0 long sword
rCold   . . .      Faith    .   c - +0 buckler
rNeg    . . .      Spirit   .   b - +0 scale mail
rPois   .          Reflect  .   (no helmet)
rElec   .          Harm     .   (no cloak)
rCorr   .          Rampage  .   (no gloves)
Will    .....                   (no boots)
Stlth   ..........              (no amulet)
HPRegen 0.11/turn               g - +6 ring of strength
MPRegen 0.18/turn               i - ring of protection from fire

@: no status effects
A: icemail 1, magic regeneration, condensation shield
a: no special abilities


You escaped.
You visited 1 branch of the dungeon, and saw 2 of its levels.

You collected 50 gold pieces.

Inventory:

Hand Weapons
 a - a +0 long sword (weapon)
Armour
 b - a +0 scale mail (worn)
 c - a +0 buckler (worn)
Jewellery
 g - a +6 ring of strength (left hand)
 i - a ring of protection from fire (right hand)
 j - a ring of positive energy
Scrolls
 e - a scroll of teleportation {unknown}
 f - a scroll of enchant armour {unknown}
Potions
 d - a potion of might
 h - a potion of invisibility {unknown}
 k - a potion of curing {unknown}


   Skills:
 + Level 3.5 Fighting
 + Level 2.5 Long Blades
 + Level 3.2 Armour
 + Level 3.2 Shields


You had 3 spell levels left.
You didn't know any spells.
Your spell library contained the following spells:

 Spells                   Type           Power      Damage    Failure   Level
 Magic Dart               Conj           0%         1d3       78%         1
 Call Imp                 Summ           0%         N/A       89%         2
 Mephitic Cloud           Conj/Pois/Air  0%         N/A       98%         3


Dungeon Overview and Level Annotations

Branches:
Dungeon (2/15)

Altars:


Innate Abilities, Weirdness & Mutations

A meltable icy envelope protects you from harm. (AC +4)
You regenerate magic rapidly.
A meltable shield of frost defends you. (SH +4)


Message History

You closely miss the kobold. The kobold hits you but does no damage.
A kobold is nearby!
You slash the kobold!
You kill the kobold!
A frilled lizard comes into view.
Found 2 stones and a spear.
The frilled lizard hisses angrily.
An adder comes into view.
The adder hisses angrily.
There are monsters nearby!
There are monsters nearby!
You hit the frilled lizard.
You kill the frilled lizard!
An adder is nearby!
You hit the adder.
The adder is moderately wounded.
You block the adder's attack. The adder bites you but does no damage.
An adder is nearby!
You barely miss the adder.
The adder is moderately wounded.
You block the adder's attack.
An adder is nearby!
You slash the adder!
You kill the adder!
You have reached level 4!
You feel agile.
Your demonic ancestry asserts itself...
Your magic begins to regenerate rapidly.
(D) Dungeon
Where to? (Enter - D:2, ? - help)
You see here a +0 leather armour.
There is a stone staircase leading up here.
You climb upwards.
There is a stone staircase leading down here.
(D) Dungeon
Where to? (Enter - D:1, ? - help)
Okay, then.
There is an open door here.
There is a staircase leading out of the dungeon here.
Are you sure you want to leave the Dungeon?
This will make you lose the game!
You have escaped!

#.#[#.###.#####.......#
#.#.#.##.)....'.......#
#.#.#....)#####.......#
..#...#...# #.......# ..#.......#
#.......# #.#.#.....########'####
#.#.#..............#
#.#.#.....#############
#..>#######.....@.....######
######.....................#####
##...........###'###...........##
......##'###'##...##'###'##......
..)#'##...#...#.>.#...#...##'#...
.###..#...#...#...#...#...#..###.
'##...#...##.#######.##...#...##'
..#...#...####PP..P#'##.ยง.#...#..
..#...#...##.......P.##...#...#..


There were no monsters in sight!

Vanquished Creatures
  3 adders (D:2)
  An orc (D:2)
  A ball python (D:2)
  An endoplasm (D:2)
  2 giant cockroaches (D:1)
  8 goblins
  4 hobgoblins
  2 jackals (D:1)
  2 quokkas (D:1)
  6 bats
  4 frilled lizards
  8 kobolds
  5 rats
47 creatures vanquished.

Notes
Turn   | Place    | Note
-------+----------+-------------------------------------------
     0 | D:1      | BritishOli the Demonspawn Fighter began the quest for the
                  | Orb.
     0 | D:1      | Reached XP level 1. HP: 18/18 MP: 1/1
   270 | D:1      | Gained mutation: A meltable shield of frost defends you.
                  | (SH +4) [demonic ancestry]
   270 | D:1      | Reached XP level 2. HP: 16/24 MP: 2/2
   666 | D:1      | Gained mutation: A meltable icy envelope protects you from
                  | harm. (AC +4) [demonic ancestry]
   666 | D:1      | Reached XP level 3. HP: 29/29 MP: 3/3
  1799 | D:2      | Gained mutation: You regenerate magic rapidly. [demonic
                  | ancestry]
  1799 | D:2      | Reached XP level 4. HP: 35/35 MP: 4/4
  1827 | D:$      | Got out of the dungeon alive.

Illustrated notes

Levels and vault maps discovered:
D:1:      dpeg_arrival_water_fire, layout_basic
D:2:      layout_rooms, minmay_unequal

Skill      XL: |  1  2 |
---------------+-------+-----
Long Blades    | 2 |  2.5
Armour         | 3 |  3.2
Shields        | 3 |  3.2
Fighting       | |  3.5

Action                   |  1- 3 |  4- 6 || total
-------------------------+-------+-------++-------
Melee: Long sword        |   156 |       ||   156
Armor: Scale mail        |    90 |       ||    90
Dodge: Dodged            |    83 |       ||    83
Block: Buckler           |    96 |       ||    96

Table legend: (Time is in decaauts)
 A = Elapsed time spent in this place.
 B = Non-inter-level travel time spent in this place.
 C = Inter-level travel time spent in this place.
 D = Time resting spent in this place.
 E = Time spent auto-exploring this place.
 F = Levels seen in this place.
 G = Mean time per level.
                   A        B        C        D        E       F      G
               +--------+--------+--------+--------+--------+-----+--------+
         Total |   1878 |   1833 |     45 |    269 |   1252 |   2 |  939.0 |
       Dungeon |   1878 |   1833 |     45 |    269 |   1252 |   2 |  939.0 |
               +--------+--------+--------+--------+--------+-----+--------+

Top non-repeatable levels by time:
     D:1: 1258 daAuts
     D:2: 619 daAuts
